 Dungeon Sprint DCSS version 0.27-a0-1322-gfdffb62a71 (webtiles) character file.

Game seed: 5441345470661623578

66 mhtbhm the Magician (level 3, -2/19 HPs)
             Began as a Deep Elf Earth Elementalist on June 22, 2021.
             Was an Elder of Vehumet.
             Slain by a gnoll sergeant (12 damage)
             ... in the Dungeon (Sprint VII: "The Pits").
             The game lasted 00:01:50 (504 turns).

mhtbhm the Magician (Deep Elf Earth Elementalist)    Turns: 504, Time: 00:01:50

Health: -2/19      AC:  2    Str:  5    XL:     3   Next: 96%
Magic:  2/13       EV: 13    Int: 20    God:    Vehumet [****..]
Gold:   0          SH:  0    Dex: 15    Spells: 11/16 levels left

rFire    . . .     SeeInvis .   l - +1 quarterstaff (protect)
rCold    . . .     Faith    .   (shield currently unavailable)
rNeg     . . .     Spirit   .   b - +0 robe
rPois    .         Reflect  .   (no helmet)
rElec    .         Harm     .   (no cloak)
rCorr    .         Rampage  .   (no gloves)
Will     .....     NoTele   +   (no boots)
Stlth    ++........             (no amulet)
HPRegen  0.06/turn              (no ring)
MPRegen  0.13/turn              (no ring)

@: no status effects
A: no striking features
a: Renounce Religion


You were in the Dungeon.
You worshipped Vehumet.
Vehumet was greatly pleased with you.
You visited 1 branch

Inventory:

Hand Weapons
 l - a +1 quarterstaff of protection (weapon)
Missiles
 i - 20 stones
Armour
 b - a +0 robe (worn)
Scrolls
 h - a scroll of blinking
 j - 5 scrolls of amnesia
 k - a scroll of summoning
Potions
 a - 2 potions of invisibility
 c - 6 potions of curing
 d - 6 potions of heal wounds
 e - a potion of haste
 f - 4 potions of magic
 g - 3 potions of berserk rage


   Skills:
 + Level 3.2 Dodging
 + Level 3.3 Stealth
 + Level 7.2 Spellcasting
 + Level 0.7 Conjurations
 + Level 1.2 Transmutations
 + Level 0.1 Fire Magic
 + Level 6.5 Earth Magic


You had 11 spell levels left.
You knew the following spells:

 Your Spells              Type           Power      Damage    Failure   Level
a - Sandblast             Erth           66%        2d15      1%          1
b - Foxfire               Conj/Fire      36%        2x1d5     2%          1
c - Stone Arrow           Conj/Erth      42%        3d9       1%          3

Your spell library contained the following spells:

 Spells                   Type           Power      Damage    Failure   Level
 Dazzling Flash           Conj/Hex       16%        N/A       7%          3
 Passwall                 Tmut/Erth      18%        N/A       2%          2
 Lee's Rapid Deconstruct  Erth           16%        3d11*     4%          5
 Petrify                  Tmut/Erth      22%        N/A       19%         4


Dungeon Overview and Level Annotations

Branches:
Dungeon (1/1)

Altars:
Ashenzari
Cheibriados
Dithmenos
Elyvilon
Fedhas
Gozag
Hepliaklqana
Kikubaaqudgha
Makhleb
Nemelex Xobeh
Okawaru
Qazlal
Ru
Sif Muna
Trog
Uskayaw
Vehumet
Wu Jian
Xom
Yredelemnul
Zin
The Shining One
Beogh
Jiyva
Lugonu


Message History

Vehumet is now extending the range of your destructive spells.
You feel your power returning.
Your Spellcasting skill increases to level 7!
Unknown command.
Casting: Stone Arrow (safe; 1% risk of failure)
Confirm with . or Enter, or press ? or * to list all spells.
Aiming: Stone Arrow (safe; 1% risk of failure)
Press: ? - help, Shift-Dir - straight line, f - gnoll sergeant
Aim: a gnoll sergeant, wielding a +0 spear and wearing a +0 scale mail (79% to hit)
The stone arrow hits the gnoll sergeant.
The gnoll sergeant is moderately wounded.
Unknown command.
Casting: Stone Arrow (safe; 1% risk of failure)
Confirm with . or Enter, or press ? or * to list all spells.
Aiming: Sandblast (safe; 1% risk of failure)
Press: ? - help, Shift-Dir - straight line, f/p - gnoll sergeant
Aim: a gnoll sergeant, wielding a +0 spear and wearing a +0 scale mail (moderately wounded, 87% to hit)
The blast of sand hits the gnoll sergeant.
The gnoll sergeant is moderately wounded.
Unknown command.
Casting: Sandblast (safe; 1% risk of failure)
Confirm with . or Enter, or press ? or * to list all spells.
Aiming: Sandblast (safe; 1% risk of failure)
Press: ? - help, Shift-Dir - straight line, f/p - gnoll sergeant
Aim: a gnoll sergeant, wielding a +0 spear and wearing a +0 scale mail (moderately wounded, 87% to hit)
The blast of sand hits the gnoll sergeant.
The gnoll sergeant is moderately wounded.
The gnoll sergeant hits you from afar with a +0 spear!
Ouch! That really hurt!
Unknown command.
Casting: Sandblast (safe; 1% risk of failure)
Confirm with . or Enter, or press ? or * to list all spells.
Aiming: Sandblast (safe; 1% risk of failure)
Press: ? - help, Shift-Dir - straight line, f/p - gnoll sergeant
Aim: a gnoll sergeant, wielding a +0 spear and wearing a +0 scale mail (moderately wounded, 87% to hit)
The blast of sand hits the gnoll sergeant!
The gnoll sergeant is severely wounded.
The gnoll sergeant hits you from afar with a +0 spear!
Ouch! That really hurt!
You die...

##########.##.....
#.....÷.....'.....
#'#####'#####.....
#.#...÷÷#[[##.....
#.#.....#))#####'#
#.###'###))##.....
#.#...).#))##.....
#.#.....#..##.....
#@####†##'###...<.
#.#........##.....
#g#........##.....
#g###########.....
#g.....s# ######
#..#.#..# #.## #
#.. #.#


You could see a gnoll sergeant and 2 gnolls.

Vanquished Creatures
  A jelly (D)
  2 gnolls (D)
  A bat skeleton (D)
  2 giant cockroaches (D)
  8 jackals (D)
  A ball python zombie (D)
  A kobold (D)
16 creatures vanquished.

Vanquished Creatures (others)
  9 foxfires (D)
9 creatures vanquished.

Grand Total: 25 creatures vanquished

Notes
Turn   | Place    | Note
-------+----------+-------------------------------------------
     0 | D        | mhtbhm the Deep Elf Earth Elementalist began the quest for
                  | the Orb.
     0 | D        | Reached XP level 1. HP: 10/10 MP: 6/6
   139 | D        | Found a bloodstained altar of Trog.
   139 | D        | Found a shimmering blue altar of Sif Muna.
   139 | D        | Found a viscous altar of Jiyva.
   139 | D        | Found a hazy altar of Hepliaklqana.
   139 | D        | Found an opulent altar of Gozag.
   140 | D        | Found a glowing golden altar of the Shining One.
   140 | D        | Found a glowing silver altar of Zin.
   140 | D        | Found a basalt altar of Yredelemnul.
   140 | D        | Found a shimmering altar of Xom.
   140 | D        | Found an ornate altar of the Wu Jian Council.
   140 | D        | Found a sacrificial altar of Ru.
   140 | D        | Found a stormy altar of Qazlal.
   140 | D        | Found an iron altar of Okawaru.
   140 | D        | Found a sparkling altar of Nemelex Xobeh.
   140 | D        | Found a burning altar of Makhleb.
   140 | D        | Found a blossoming altar of Fedhas.
   140 | D        | Found a white marble altar of Elyvilon.
   140 | D        | Found a shadowy altar of Dithmenos.
   140 | D        | Found a snail-covered altar of Cheibriados.
   142 | D        | Found a radiant altar of Vehumet.
   142 | D        | Found a corrupted altar of Lugonu.
   143 | D        | Found a hide-covered altar of Uskayaw.
   143 | D        | Found an ancient bone altar of Kikubaaqudgha.
   143 | D        | Found a broken altar of Ashenzari.
   152 | D        | Became a worshipper of Vehumet
   203 | D        | Reached * piety under Vehumet
   203 | D        | Offered knowledge of Foxfire by Vehumet.
   205 | D        | Reached XP level 2. HP: 13/15 MP: 2/8
   215 | D        | Learned a level 1 spell: Foxfire
   271 | D        | Offered knowledge of Magic Dart by Vehumet.
   271 | D        | Reached ** piety under Vehumet
   272 | D        | Reached skill level 4 in Spellcasting
   374 | D        | Reached skill level 6 in Spellcasting
   374 | D        | Reached XP level 3. HP: 19/19 MP: 8/12
   378 | D        | Learned a level 3 spell: Stone Arrow
   382 | D        | Offered knowledge of Dazzling Flash by Vehumet.
   382 | D        | Reached *** piety under Vehumet
   490 | D        | Noticed a scorpion
   490 | D        | Noticed a gnoll sergeant
   500 | D        | Reached **** piety under Vehumet
   501 | D        | Reached skill level 7 in Spellcasting
   504 | D        | Slain by a gnoll sergeant

Illustrated notes

Levels and vault maps discovered:
D:        pitsprint [storerooms_1, entrance_room_1, metal_vault_3, armoury_3,
          mini_pit_1, grid_room_1, main_hall_1, silver_pit, the_coven_2,
          the_vestibule_1, steel_vault_1, golden_pit, hallway_of_sentries,
          crystal_vault_1, iron_vault_4, final_vault]

Skill      XL: |  1  2  3 |
---------------+----------+-----
Earth Magic    | 4 6 |  6.5
Spellcasting   | 6 7 |  7.2
Dodging        | 3 |  3.2
Stealth        | 3 |  3.3
Conjurations   | |  0.7
Transmutations | |  1.2
Fire Magic     | |  0.1

Action                   || total
-------------------------++-------
 Cast: Sandblast         ||    20
       Foxfire           ||     7
       Stone Arrow       ||     6
Armor: Robe              ||     2
Dodge: Dodged            ||     9

Table legend: (Time is in decaauts)
 A = Elapsed time spent in this place.
 B = Non-inter-level travel time spent in this place.
 C = Inter-level travel time spent in this place.
 D = Time resting spent in this place.
 E = Time spent auto-exploring this place.
 F = Levels seen in this place.
 G = Mean time per level.
                   A        B        C        D        E       F      G
               +--------+--------+--------+--------+--------+-----+--------+
         Total |    503 |    503 |      0 |    227 |     90 |   1 |  503.0 |
       Dungeon |    503 |    503 |      0 |    227 |     90 |   1 |  503.0 |
               +--------+--------+--------+--------+--------+-----+--------+

Top non-repeatable levels by time:
       D: 503 daAuts
